 Dungeon Crawl Stone Soup version 0.31.0-11-ge490571c62 (webtiles) character file.

Game seed: 11127547743257873524

184 qw the Ducker (level 5, -5/26 HPs)
             Began as a Spriggan Hunter on Feb 4, 2024.
             Slain by Duvessa
             ... wielding a +0 short sword
              (7 damage)
             ... on level 3 of the Dungeon.
             The game lasted 00:01:49 (2772 turns).

qw the Ducker (Spriggan Hunter)                     Turns: 2772, Time: 00:01:49

Health: -5/26      AC:  2    Str:  7    XL:     5   Next: 36%
Magic:  6/6        EV: 21    Int: 11    God:
Gold:   194        SH:  0    Dex: 20    Spells: 4/4 levels left

rFire   . . .        a - +0 shortbow
rCold   . . .        (shield currently unavailable)
rNeg    . . .        c - +0 robe
rPois   .            (helmet restricted)
rElec   .            (no cloak)
rCorr   .            (gloves unavailable)
SInv    +            (boots unavailable)
Will    .....        (no amulet)
Stlth   ++           (no ring)
HPRegen 0.24/turn    (no ring)
MPRegen 0.10/turn

%: no passive effects
@: very quick
A: very small, no large weapons, unfitting armour, see invisible, speed 3
a: no special abilities


You were on level 3 of the Dungeon.
You visited 1 branch of the dungeon, and saw 4 of its levels.

You collected 194 gold pieces.


Innate Abilities, Weirdness & Mutations

You are very small and have problems with some larger weapons.
You are too small for most types of armour.
You have supernaturally acute eyesight. (SInv)
You cover ground extremely quickly. (Speed+++)


   Skills:
 - Level 2.1 Fighting
 + Level 5.0 Ranged Weapons
 - Level 5.9 Dodging
 - Level 1.5 Stealth


You had 4 spell levels left.
You didn't know any spells.
Your spell library was empty.

Inventory:

Hand Weapons
 a - a +0 shortbow (weapon)
Armour
 c - a +0 robe (worn)
Wands
 i - a wand of flame (18)
Potions
 b - 6 potions of curing
 e - 2 potions of resistance
 k - a potion of ambrosia {unknown}

Dungeon Overview and Level Annotations

Branches:
Dungeon (4/15)
 Temple: D:4-7

Altars:
Yredelemnul

Annotations:
D:3 1 runed translucent door, Dowan, Duvessa


Message History

Duvessa hits you with a +0 short sword. Dowan misses you.
2762 ||| DRINKING potion of heal wounds.
You feel much better. Duvessa misses you. Dowan barely misses you.
You shoot an arrow. The arrow hits Duvessa.
Duvessa is lightly wounded.
Duvessa barely misses you. Dowan completely misses you.
You shoot an arrow.
The arrow hits Duvessa but does no damage.
Duvessa is lightly wounded.
Duvessa barely misses you. Dowan barely misses you.
Duvessa hits you with a +0 short sword!
You shoot an arrow.
The arrow hits Duvessa but does no damage.
Duvessa is lightly wounded.
Dowan casts a spell at you. The puff of flame misses you. Duvessa misses you.
You shoot an arrow. The arrow barely misses Duvessa.
Dowan completely misses you. Duvessa closely misses you.
You shoot an arrow.
The arrow hits Duvessa but does no damage.
Duvessa is lightly wounded.
Dowan misses you. Duvessa hits you with a +0 short sword!
Dowan says, "My weaknesses are her strengths!"
Dowan misses you.
You shoot an arrow. The arrow barely misses Duvessa.
Duvessa hits you with a +0 short sword. Dowan barely misses you.
You shoot an arrow. The arrow hits Duvessa.
Duvessa is moderately wounded.
Duvessa hits you with a +0 short sword. Dowan closely misses you.
You shoot an arrow.
The arrow hits Duvessa but does no damage.
Duvessa is moderately wounded.
Duvessa misses you. Dowan barely misses you.
You shoot an arrow. The arrow hits Duvessa.
Duvessa is moderately wounded.
Duvessa completely misses you. Dowan closely misses you. Duvessa misses you.
You shoot an arrow. The arrow barely misses Duvessa.
Dowan misses you. Duvessa hits you with a +0 short sword!
You die...

#..##............###........#
#..##.#............#...<....#
#..##.#............#........#
#..##.#............#........#
...##.##########'####'#######
.............###.####.#
......................####
##.#.###.....###.e.......#
...............e@####.##.#######
##.#.###....####.# #..........#
##.#.###.##_## #.# #.##.########
..........#.####.####.##.........
...................##.##.#####.##
##.#.###.#..####.#.##.##.#####.##
.....###.#..............>.......%
##..........####.#.##.##.#####.##
............|...................#


You could see Duvessa and Dowan.

Vanquished Creatures
  A bullfrog (D:3)
  A hound (D:3)
  A human skeleton (D:3)
  2 adders (D:2)
  2 dart slugs
  A ribbon worm (D:3)
  9 ball pythons
  3 bats (D:2)
  3 endoplasms (D:1)
  A giant cockroach (D:2)
  2 goblins (D:2)
  3 hobgoblins
  A quokka (D:2)
  2 frilled lizards
  A goblin zombie (D:3)
  5 kobolds
  A kobold skeleton (D:3)
  4 rats
43 creatures vanquished.

Notes
Turn   | Place    | Note
-------+----------+-------------------------------------------
     0 | D:1      | qw the Spriggan Hunter began the quest for the Orb.
     0 | D:1      | Reached XP level 1. HP: 10/10 MP: 2/2
     0 | D:1      | 0 ||| qw: Version: 0.3-a-160-g6735b56
     0 | D:1      | 0 ||| qw: Game counter: 5876
     0 | D:1      | 0 ||| qw: Melee chars always use a shield: true
     0 | D:1      | 0 ||| qw: God list: Okawaru
     0 | D:1      | 0 ||| qw: Allow faded altars: false
     0 | D:1      | 0 ||| qw: Do Orc after clearing Dungeon:15 true
     0 | D:1      | 0 ||| qw: Do second Lair branch before Depths: true
     0 | D:1      | 0 ||| qw: Lair rune preference: random
     0 | D:1      | 0 ||| qw: Goals: Normal
     0 | D:1      | 0 ||| PLANNING D:1-11
    31 | D:1      | Reached skill level 3 in Dodging
   213 | D:1      | Reached XP level 2. HP: 14/14 MP: 3/3
   550 | D:1      | 550 ||| READING scroll labelled FESUXT VOEJOL.
   550 | D:1      | 550 ||| ENCHANTING +0 shortbow.
   551 | D:1      | 551 ||| READING scroll labelled TOGAODGH NOIPOKLI.
   551 | D:1      | 551 ||| IDENTIFYING 2 dark potions
   552 | D:1      | 552 ||| READING scroll labelled ASI JICIADYM.
   553 | D:1      | 553 ||| DROPPING scroll of butterflies.
   778 | D:2      | 778 ||| READING scroll of identify.
   778 | D:2      | 778 ||| IDENTIFYING yellow potion
   825 | D:2      | Reached XP level 3. HP: 18/18 MP: 4/4
   868 | D:2      | 868 ||| FLEEEEING.
   869 | D:2      | 869 ||| FLEEEEING.
   870 | D:2      | 870 ||| FLEEEEING.
   871 | D:2      | 871 ||| FLEEEEING.
   872 | D:2      | 872 ||| FLEEEEING.
   873 | D:2      | 873 ||| FLEEEEING.
   874 | D:2      | 874 ||| FLEEEEING.
   875 | D:2      | 875 ||| FLEEEEING.
  1386 | D:2      | 1386 ||| DROPPING +6 ring of intelligence.
  1490 | D:3      | Found a faded altar of an unknown god.
  1833 | D:3      | Noticed a human
  1839 | D:3      | Found a runed translucent door.
  1849 | D:3      | Reached XP level 4. HP: 22/22 MP: 5/5
  1851 | D:3      | Found a basalt altar of Yredelemnul.
  2011 | D:3      | Noticed a bullfrog
  2012 | D:3      | 2012 ||| ZAPPING wand of flame (23) at 4,-2 (bullfrog;
                  | floor).
  2013 | D:3      | 2013 ||| ZAPPING wand of flame (22) at 2,-1 (bullfrog;
                  | floor).
  2014 | D:3      | 2014 ||| ZAPPING wand of flame (21) at 1,0 (bullfrog;
                  | floor).
  2015 | D:3      | 2015 ||| ZAPPING wand of flame (20) at 1,0 (bullfrog;
                  | floor).
  2016 | D:3      | 2016 ||| ZAPPING wand of flame (19) at 1,0 (bullfrog;
                  | floor).
  2016 | D:3      | Killed a bullfrog
  2017 | D:3      | Reached XP level 5. HP: 25/25 MP: 6/6
  2164 | D:3      | 2164 ||| READING 3 scrolls of identify.
  2164 | D:3      | 2164 ||| IDENTIFYING viscous red potion
  2165 | D:3      | 2165 ||| READING 2 scrolls of identify.
  2165 | D:3      | 2165 ||| IDENTIFYING glowing inky potion
  2166 | D:3      | 2166 ||| READING scroll of identify.
  2166 | D:3      | 2166 ||| IDENTIFYING coppery potion
  2167 | D:3      | 2167 ||| READING scroll labelled RIUZEU NYUPNI.
  2168 | D:3      | 2168 ||| DROPPING potion of lignification.
  2169 | D:3      | 2169 ||| DROPPING potion of degeneration.
  2191 | D:4      | Noticed Duvessa
  2191 | D:4      | Noticed Dowan
  2192 | D:4      | 2192 ||| RETREEEEATING.
  2221 | D:4      | 2221 ||| FLEEEEING.
  2222 | D:4      | 2222 ||| FLEEEEING.
  2223 | D:4      | 2223 ||| FLEEEEING.
  2224 | D:4      | 2224 ||| FLEEEEING.
  2225 | D:4      | 2225 ||| FLEEEEING.
  2227 | D:4      | 2227 ||| FLEEEEING.
  2228 | D:4      | 2228 ||| RETREEEEATING.
  2229 | D:4      | 2229 ||| RETREEEEATING.
  2230 | D:4      | 2230 ||| RETREEEEATING.
  2231 | D:4      | 2231 ||| FLEEEEING.
  2232 | D:4      | 2232 ||| FLEEEEING.
  2233 | D:4      | 2233 ||| STAIRDANCE
  2264 | D:3      | 2264 ||| READING scroll labelled MUSTOIDEUR.
  2267 | D:4      | 2267 ||| STAIRDANCE
  2311 | D:4      | 2311 ||| STAIRDANCE
  2356 | D:4      | 2356 ||| STAIRDANCE
  2382 | D:4      | 2382 ||| STAIRDANCE
  2425 | D:4      | 2425 ||| STAIRDANCE
  2495 | D:4      | 2495 ||| STAIRDANCE
  2527 | D:4      | 2527 ||| STAIRDANCE
  2531 | D:4      | 2531 ||| STAIRDANCE
  2558 | D:4      | 2558 ||| STAIRDANCE
  2562 | D:4      | 2562 ||| STAIRDANCE
  2573 | D:4      | 2573 ||| STAIRDANCE
  2614 | D:4      | 2614 ||| STAIRDANCE
  2618 | D:4      | 2618 ||| STAIRDANCE
  2622 | D:4      | 2622 ||| STAIRDANCE
  2665 | D:4      | 2665 ||| STAIRDANCE
  2700 | D:4      | 2700 ||| STAIRDANCE
  2745 | D:4      | 2745 ||| STAIRDANCE
  2749 | D:4      | 2749 ||| STAIRDANCE
  2758 | D:4      | 2758 ||| STAIRDANCE
  2761 | D:3      | HP: 6/26 [Duvessa/+0 short sword (4)]
  2762 | D:3      | 2762 ||| DRINKING potion of heal wounds.
  2767 | D:3      | HP: 6/26 [Duvessa/+0 short sword (10)]
  2768 | D:3      | HP: 2/26 [Duvessa/+0 short sword (4)]
  2772 | D:3      | Slain by Duvessa

Levels and vault maps discovered:
D:1:      onia_arrival_handbag, layout_loops_ring
D:2:      layout_rooms, serial_co_window_serial, co_window_paths_b,
          co_window_of_opportunity_a, co_window_paths_a, co_window_paths_b,
          co_window_corner_a, co_window_of_opportunity_a,
          co_window_unsneaky_path_b, co_window_unsneaky_path_e,
          co_window_unsneaky_path_a, co_window_cross_2, co_window_2corner,
          co_window_4corner_b, glass_columns_a
D:3:      layout_basic, dk_yredelemnul_ordeal, ebering_ecumenical_altar_rust,
          nicolae_the_louvre
D:4:      layout_cave_pools, tso_altar, minmay_lizard_king, uniq_blork_the_orc,
          uniq_menkaure, uniq_duvessa, uniq_pikel

Skill      XL: |  1  2  3  4  5 |
---------------+----------------+-----
Dodging        | 3 4 5 |  5.9
Ranged Weapons | 5 |  5.0
Fighting       | 2 |  2.1
Stealth        | |  1.5

Action                     |  1- 3 |  4- 6 || total
---------------------------+-------+-------++-------
   Fire: Shortbow          |   118 |    39 ||   157
  Evoke: Wand              |       |     5 ||     5
    Use: Scroll            |     4 |     5 ||     9
         Potion            |       |     1 ||     1
 Armour: Robe              |     9 |    31 ||    40
  Dodge: Dodged            |    29 |    96 ||   125

Table legend:
 A = Non-vault XP
 B = Vault XP
 C = Vault XP percentage of total XP
 D = Non-vault monster count
 E = Vault monster count
 F = Vault count percentage of total count
                 A         B        C        D         E       F
            +---------+---------+-------+---------+---------+-------
      Total |     220 |      43 |  16.3 |      36 |       7 |  16.3
            +---------+---------+-------+---------+---------+-------
        D:1 |      11 |       5 |  31.2 |       6 |       4 |  40.0
        D:2 |      59 |       0 |   0.0 |      20 |       0 |   0.0
        D:3 |     149 |      38 |  20.3 |       9 |       3 |  25.0
        D:4 |       1 |       0 |   0.0 |       1 |       0 |   0.0
            +---------+---------+-------+---------+---------+-------
